 Dungeon Crawl Stone Soup version 0.29.0-4-gdea44cf6ec (webtiles) character file.

Game seed: 14627502168772653157

134 qw the Sneak (level 5, -1/32 HPs)
             Began as a Gargoyle Delver on Sept 10, 2022.
             Slain by Pikel
             ... wielding a +1 whip of electrocution
              (2 damage)
             ... on level 4 of the Dungeon.
             The game lasted 00:01:40 (3631 turns).

qw the Sneak (Gargoyle Delver)                      Turns: 3631, Time: 00:01:41

Health: -1/32      AC: 13    Str: 18    XL:     5   Next: 17%
Magic:  5/5        EV:  7    Int: 10    God:
Gold:   152        SH:  0    Dex: 11    Spells: 4/4 levels left

rFire   . . .      SeeInvis .   Y - +0 war axe
rCold   . . .      Faith    .   (no shield)
rNeg    + + .      Spirit   .   k - +0 chain mail
rPois   inf        Reflect  .   (no helmet)
rElec   +          Harm     .   (no cloak)
rCorr   .          Rampage  .   (no gloves)
Will    .....                   n - +0 pair of boots
Stlth   ..........              (no amulet)
HPRegen 0.10/turn               d - ring of positive energy
MPRegen 0.09/turn               (no ring)

@: no status effects
A: sickness immunity, AC +4, negative energy resistance 1, electricity
resistance, torment resistance 1, petrification resistance
a: no special abilities


You were on level 4 of the Dungeon.
You visited 1 branch of the dungeon, and saw 5 of its levels.

You collected 152 gold pieces.


Innate Abilities, Weirdness & Mutations

You are immune to sickness and miasma.
Your stone body is resilient. (AC +4)
You are immune to poison.
You resist negative energy. (rN+)
You are resistant to electric shocks. (rElec)
You are resistant to unholy torment.
You are immune to petrification.


   Skills:
 - Level 3.2 Fighting
 - Level 4.6 Axes
 + Level 1.0 Armour
 - Level 1.5 Dodging
 - Level 5.4 Stealth


You had 4 spell levels left.
You didn't know any spells.
Your spell library was empty.

Inventory:

Hand Weapons
 b - a +0 whip of electrocution
 Y - a +0 war axe (weapon)
Armour
 k - a +0 chain mail (worn)
 n - a +0 pair of boots (worn)
Jewellery
 d - a ring of positive energy (left hand)
Wands
 g - a wand of digging (3)
Potions
 c - a potion of ambrosia {unknown}
 e - a potion of curing
 f - 2 potions of haste
 h - a potion of attraction {unknown}
 m - a potion of resistance {unknown}

Dungeon Overview and Level Annotations

Branches:
Dungeon (5/15)
 Temple: D:4-7

Altars:
Nemelex Xobeh

Annotations:
D:4 Pikel


Message History

You slash the lemure!
The lemure is heavily wounded.
The lemure hits you but does no damage.
A goblin comes into view. It is wielding a +0 club.
A lemure comes into view.
The lemure hits you.
The lemure shouts!
You slash the lemure!
The lemure is almost dead.
The lemure hits you.
You hit the lemure but do no damage.
The lemure is almost dead.
The lemure hits you.
You hit the lemure.
The lemure is almost dead.
You hit Pikel.
Pikel hits you with a +1 whip of electrocution.
The lemure hits you but does no damage. Pikel barely misses you.
The lemure closely misses you.
You barely miss the lemure.
The lemure is almost dead.
You closely miss the lemure. You hit Pikel but do no damage.
The lemure hits you.
Pikel hits you with a +1 whip of electrocution.
The lemure hits you!
You slash the lemure!
You kill the lemure!
That felt strangely unrewarding.
You closely miss Pikel. You hit the lemure.
Pikel hits you with a +1 whip of electrocution.
You closely miss Pikel.
Pikel is lightly wounded.
You closely miss the goblin. You barely miss the lemure.
A giant cockroach comes into view.
Pikel hits you but does no damage. The lemure barely misses you.
The goblin hits you but does no damage.
You barely miss Pikel.
Pikel is lightly wounded.
You hit the goblin but do no damage. You hit the lemure.
Pikel hits you with a +1 whip of electrocution.
You die...

..#### #.....## .B. ##
#......## ##.# .#
##.......# #..# .#
#........###... ..
.###......>.. ...## ...
..........## .5.##....
..##.......# ###gK....#
..##......####.#@5##
...#.......##......#
.....##...###......##
.~...##................
.~..#~~....#....#...#..
~~..~~.#..###...##### #
...~~##.### #####
#....#.# ~~##).#


You could see Pikel, 2 lemures, a giant cockroach and a goblin.

Vanquished Creatures
  A lemure (D:4)
  4 adders
  An adder skeleton (D:3)
  3 adder zombies (D:3)
  3 worms (D:2)
  A dart slug (D:3)
  4 orcs (D:3)
  9 ball pythons
  3 endoplasms
  3 giant cockroaches
  5 goblins
  5 hobgoblins
  4 jackals (D:1)
  10 kobolds
  A quokka (D:1)
  9 bats
  4 frilled lizards
  4 rats
74 creatures vanquished.

Vanquished Creatures (others)
  4 withered plants (D:3)
4 creatures vanquished.

Grand Total: 78 creatures vanquished

Notes
Turn   | Place    | Note
-------+----------+-------------------------------------------
     0 | D:5      | qw the Gargoyle Delver began the quest for the Orb.
     0 | D:5      | Reached XP level 1. HP: 14/14 MP: 1/1
     0 | D:5      | 0 ||| qw: Version: 0.1-a-116-g5d60599
     0 | D:5      | 0 ||| qw: Game counter: 8326
     0 | D:5      | 0 ||| qw: Always use a shield: true
     0 | D:5      | 0 ||| qw: God list: Okawaru
     0 | D:5      | 0 ||| qw: Allow faded altars: false
     0 | D:5      | 0 ||| qw: Do Orc after D:15 true
     0 | D:5      | 0 ||| qw: Do second Lair branch before Depths: true
     0 | D:5      | 0 ||| qw: Lair rune preference: random
     0 | D:5      | 0 ||| qw: Plans: Normal
     0 | D:5      | 0 ||| PLANNING D:1-11
     0 | D:5      | 0 ||| DROPPING scroll of fog.
     1 | D:5      | 1 ||| DROPPING scroll of magic mapping.
     2 | D:5      | 2 ||| DROPPING scroll of fear.
   219 | D:3      | Reached XP level 2. HP: 17/19 MP: 2/2
   240 | D:3      | 240 ||| Stepping ~*~*~tactically~*~*~ (stealth).
   242 | D:3      | 242 ||| Stepping ~*~*~tactically~*~*~ (stealth).
   287 | D:3      | 287 ||| Stepping ~*~*~tactically~*~*~ (stealth).
   292 | D:3      | 292 ||| Stepping ~*~*~tactically~*~*~ (stealth).
   294 | D:3      | 294 ||| Stepping ~*~*~tactically~*~*~ (stealth).
   296 | D:3      | 296 ||| Stepping ~*~*~tactically~*~*~ (stealth).
   298 | D:3      | 298 ||| Stepping ~*~*~tactically~*~*~ (stealth).
   300 | D:3      | 300 ||| Stepping ~*~*~tactically~*~*~ (stealth).
   302 | D:3      | 302 ||| Stepping ~*~*~tactically~*~*~ (stealth).
   303 | D:3      | 303 ||| Stepping ~*~*~tactically~*~*~ (stealth).
   304 | D:3      | 304 ||| Stepping ~*~*~tactically~*~*~ (stealth).
   314 | D:3      | 314 ||| Stepping ~*~*~tactically~*~*~ (stealth).
   331 | D:3      | Reached skill level 3 in Axes
   563 | D:3      | 563 ||| Stepping ~*~*~tactically~*~*~ (stealth).
   565 | D:3      | 565 ||| Stepping ~*~*~tactically~*~*~ (stealth).
   579 | D:3      | 579 ||| Stepping ~*~*~tactically~*~*~ (stealth).
   580 | D:3      | 580 ||| Stepping ~*~*~tactically~*~*~ (stealth).
   581 | D:3      | 581 ||| Stepping ~*~*~tactically~*~*~ (stealth).
   585 | D:3      | Reached XP level 3. HP: 23/23 MP: 3/3
   681 | D:3      | 681 ||| Stepping ~*~*~tactically~*~*~ (stealth).
  1001 | D:3      | 1001 ||| READING scroll labelled NUDOTA UTUAWNA.
  1002 | D:3      | 1002 ||| DRINKING 2 purple potions.
  1187 | D:2      | Reached XP level 4. HP: 18/28 MP: 4/4
  1314 | D:2      | HP: 5/28 [worm (5)]
  1315 | D:2      | 1315 ||| DRINKING potion of heal wounds.
  1472 | D:2      | 1472 ||| UPGRADING to +0 ring mail.
  1482 | D:2      | 1482 ||| DROPPING +0 leather armour.
  1483 | D:2      | 1483 ||| READING scroll labelled ZUOSSA UZUAPS.
  1678 | D:1      | 1678 ||| Stepping ~*~*~tactically~*~*~ (stealth).
  1680 | D:1      | 1680 ||| Stepping ~*~*~tactically~*~*~ (stealth).
  1734 | D:1      | 1734 ||| DROPPING +0 whip.
  1834 | D:1      | Reached skill level 1 in Armour
  2055 | D:1      | Found a faded altar of an unknown god.
  2283 | D:1      | 2283 ||| SWAPPING to +0 war axe.
  2284 | D:1      | 2284 ||| DROPPING +0 hand axe.
  2285 | D:1      | 2285 ||| UPGRADING to ring of positive energy.
  2286 | D:1      | 2286 ||| DRINKING 2 sapphire potions.
  2337 | D:2      | HP: 2/28 [worm (6)]
  2338 | D:2      | 2338 ||| DRINKING potion of heal wounds.
  2365 | D:2      | Found a sparkling altar of Nemelex Xobeh.
  2980 | D:2      | 2980 ||| UPGRADING to +0 pair of boots.
  2985 | D:2      | 2985 ||| READING scroll labelled KEDEAN JENNUREPRU.
  3047 | D:3      | 3047 ||| Stepping ~*~*~tactically~*~*~ (stealth).
  3049 | D:3      | 3049 ||| Stepping ~*~*~tactically~*~*~ (stealth).
  3065 | D:3      | Reached XP level 5. HP: 26/32 MP: 5/5
  3165 | D:3      | 3165 ||| Stepping ~*~*~tactically~*~*~ (stealth).
  3167 | D:3      | 3167 ||| Stepping ~*~*~tactically~*~*~ (stealth).
  3533 | D:3      | 3533 ||| UPGRADING to +0 chain mail.
  3543 | D:3      | 3543 ||| DROPPING +0 ring mail.
  3544 | D:3      | 3544 ||| DRINKING 2 golden potions.
  3545 | D:3      | 3545 ||| DRINKING 2 glowing dark potions.
  3582 | D:3      | 3582 ||| DROPPING potion of flight.
  3583 | D:3      | 3583 ||| DROPPING potion of lignification.
  3619 | D:4      | Noticed a lemure
  3622 | D:4      | Noticed Pikel
  3622 | D:4      | Noticed a lemure
  3624 | D:4      | Noticed a lemure
  3628 | D:4      | HP: 5/32 [lemure[Pikel] (7)]
  3629 | D:4      | Killed a lemure
  3629 | D:4      | HP: 1/32 [Pikel/+1 whip of electrocution (4)]
  3631 | D:4      | Slain by Pikel

Levels and vault maps discovered:
D:1:      dpeg_arrival_windows_large_door, layout_loops_ring,
          chequers_ecumenical_altar_island
D:2:      layout_loops_ring, basic_altar
D:3:      layout_basic, serial_undead, serial_undead_e, serial_undead_d,
          serial_undead_e, serial_undead_c, serial_undead_a, serial_undead_a
D:4:      layout_cave_pools, serial_rivers, chequers_serial_rivers_micro_b,
          chequers_serial_rivers_large_b, chequers_serial_rivers_micro_b,
          chequers_serial_rivers_marsh, chequers_serial_rivers_micro_e,
          chequers_serial_rivers_small_b, uniq_pikel, uniq_crazy_yiuf_cottage
D:5:      layout_rooms, minmay_crystal_room, uniq_ijyb

Skill      XL: |  1  2  3  4 |
---------------+-------------+-----
Axes           | 2 3 4 |  4.6
Armour         | 1 |  1.0
Fighting       | |  3.2
Dodging        | |  1.5
Stealth        | |  5.4

Action                   |  1- 3 |  4- 6 || total
-------------------------+-------+-------++-------
Melee: Hand axe          |   106 |    88 ||   194
       War axe           |       |    82 ||    82
       Punch             |       |     1 ||     1
Throw: Boomerang         |       |     5 ||     5
  Use: Potion            |     1 |     5 ||     6
       Scroll            |     1 |     2 ||     3
Armor: Leather armour    |    30 |     1 ||    31
       Ring mail         |       |    84 ||    84
       Chain mail        |       |     5 ||     5
Dodge: Dodged            |    69 |    97 ||   166

Table legend:
 A = Non-vault XP
 B = Vault XP
 C = Vault XP percentage of total XP
 D = Non-vault monster count
 E = Vault monster count
 F = Vault count percentage of total count
                 A         B        C        D         E       F
            +---------+---------+-------+---------+---------+-------
      Total |     171 |      21 |  10.9 |      69 |       4 |   5.5
            +---------+---------+-------+---------+---------+-------
        D:1 |      36 |       0 |   0.0 |      23 |       0 |   0.0
        D:2 |      59 |       0 |   0.0 |      23 |       0 |   0.0
        D:3 |      74 |      21 |  22.1 |      22 |       4 |  15.4
        D:4 |       2 |       0 |   0.0 |       1 |       0 |   0.0
            +---------+---------+-------+---------+---------+-------
